 Dungeon Crawl Stone Soup version 0.29.1-2-gbd0b4ee654 (webtiles) character file.

Game seed: 3661358327418316274

4830 GorkyZ the Shield-Bearer (level 10, 0/74 (76) HPs)
             Began as a Formicid Fighter on Nov 21, 2022.
             Was an Initiate of Gozag.
             Killed from afar by a deep elf pyromancer (16 damage)
             ... with a bolt of fire
             ... on level 7 of the Dungeon.
             The game lasted 00:48:00 (8115 turns).

GorkyZ the Shield-Bearer (Formicid Fighter)         Turns: 8115, Time: 00:48:00

HP:   0/74 (76)     AC: 14    Str: 25    XL:     10   Next: 77%
MP:   10/10         EV: 13    Int:  8    God:    Gozag
Gold: 471           SH: 14    Dex: 13    Spells: 9/9 levels left

rFire   . . .      SeeInvis +   q - +0 scythe
rCold   . . .      Faith    .   s - +4 kite shield "Viucopn" {rElec Stlth+}
rNeg    + . .      Spirit   .   C - +0 chain mail
rPois   .          Reflect  .   (helmet unavailable)
rElec   +          Harm     .   h - +0 cloak
rCorr   .          Rampage  .   p - +2 pair of gloves
Will    +....                   (no boots)
Stlth   ..........              u - amulet of regeneration
HPRegen 1.02/turn               w - +4 ring of evasion
MPRegen 0.12/turn               F - ring of positive energy

@: gold aura, lightly drained
A: permanent stasis, dig shafts and tunnels, antennae 3, four strong arms
a: Dig, Shaft Self, Renounce Religion, Potion Petition, Call Merchant, Bribe
Branch


You were on level 7 of the Dungeon.
You worshipped Gozag.
Gozag was aware of your devotion.
You visited 2 branches of the dungeon, and saw 9 of its levels.

You collected 570 gold pieces.
You paid 99 gold pieces to Gozag.

Inventory:

Hand Weapons
 a - a +0 trident
 n - a +2 dagger of draining
 q - a +0 scythe (weapon)
 H - a +0 war axe
 M - a +0 hand axe of freezing
 O - a +0 short sword of draining
 S - a +0 halberd
Missiles
 i - 4 curare-tipped darts
 y - 6 poisoned darts (quivered)
 G - 2 silver boomerangs
Armour
 b - a +0 scale mail
 c - a +0 buckler
 h - a +0 cloak (worn)
 l - a +0 barding
 p - a +2 pair of gloves (worn)
 s - the +4 kite shield "Viucopn" (worn) {rElec Stlth+}
   (You found it on level 2 of the Dungeon)

   rElec:     It insulates you from electricity.
   Stlth:     It makes you more stealthy.
 C - a +0 chain mail (worn)
Jewellery
 u - an amulet of regeneration (around neck)
 w - a +4 ring of evasion (left hand)
 F - a ring of positive energy (right hand)
 N - an amulet of faith
Wands
 D - a wand of light (17)
 J - a wand of flame (17)
 K - a wand of charming (16)
Scrolls
 e - 2 scrolls of torment
 g - 6 scrolls of teleportation
 j - a scroll of identify
 k - 4 scrolls of magic mapping
 r - 2 scrolls of poison
 I - a scroll of enchant armour
 Q - a scroll of immolation
Potions
 d - a potion of might
 f - 3 potions of heal wounds {unknown}
 t - 3 potions of flight
 v - a potion of haste
 x - 3 potions of attraction
 z - a potion of cancellation {unknown}
 A - a potion of ambrosia {unknown}
 B - 2 potions of degeneration {unknown}
 E - a potion of mutation {unknown}
 L - a potion of invisibility {unknown}
 P - 2 potions of curing
 R - a potion of brilliance {unknown}


   Skills:
 + Level 6.2 Fighting
 * Level 5.3 Polearms
 * Level 6.7 Throwing
 + Level 6.0 Armour
 - Level 5.9 Dodging
 + Level 7.4 Shields
 * Level 7.3 Evocations


You had 9 spell levels left.
You didn't know any spells.
Your spell library contained the following spells:

 Spells                   Type           Power      Damage    Failure   Level
 Necrotise                Necr           0%         1d4       99%         1
 Call Canine Familiar     Summ           0%         N/A       100%        3
 Confusing Touch          Hex            0%         N/A       100%        3
 Gell's Gravitas          Tloc           0%         N/A       100%        3
 Portal Projectile        Hex/Tloc       0%         N/A       100%        3
 Teleport Other           Tloc           0%         N/A       100%        3
 Vampiric Draining        Necr           0%         2d6       100%        3
 Leda's Liquefaction      Hex/Erth       0%         N/A       100%        4
 Agony                    Necr           0%         N/A       100%        5
 Yara's Violent Unravell  Hex/Tmut       0%         3d3       100%        5
 Dispersal                Tloc           0%         N/A       100%        6
 Enfeeble                 Hex            0%         N/A       100%        7


Dungeon Overview and Level Annotations

Branches:
Dungeon (8/15)             Temple (1/1) D:6
   Lair: D:8-11

Altars:
Ashenzari
Cheibriados
Dithmenos
Elyvilon
Fedhas
Gozag
Hepliaklqana
Kikubaaqudgha
Makhleb
Nemelex Xobeh
Okawaru
Qazlal
Sif Muna
Trog
Uskayaw
Vehumet
Wu Jian
Xom
Yredelemnul
The Shining One


Innate Abilities, Weirdness & Mutations

You cannot be hasted, slowed, berserked, paralysed or teleported.
You can dig through walls and to a lower floor.
You have a pair of large antennae on your head. (SInv)
Your four strong arms can wield two-handed weapons with a shield.


Message History

You throw a poisoned dart. The poisoned dart hits the orc wizard!
The orc wizard is poisoned.
Unknown command.
The orc wizard hits you with a +0 dagger.
You completely miss the orc wizard. You block the orc wizard's attack.
You puncture the orc wizard!
The orc wizard is almost dead.
You kill the orc wizard!
You kill the orc!
The deep elf pyromancer casts a spell at you.
The sticky flame hits you.
You are covered in liquid flames!
The deep elf pyromancer gestures at you while chanting.
The bolt of fire hits you!!
You are covered in liquid flames!
Items here: ! $ ) [.
The orc shouts!
You hit the deep elf pyromancer.
The deep elf pyromancer is lightly wounded.
You are covered in liquid flames!
* * * LOW HITPOINT WARNING * * *
You are no longer on fire.
The deep elf pyromancer hits you with a +0 rapier.
* * * LOW HITPOINT WARNING * * *
You miss the deep elf pyromancer.
The deep elf pyromancer is lightly wounded.
You block the deep elf pyromancer's attack.
The deep elf pyromancer hits you with a +0 rapier!
* * * LOW HITPOINT WARNING * * *
You barely miss the deep elf pyromancer.
The deep elf pyromancer is lightly wounded.
You block the deep elf pyromancer's attack.
You puncture the deep elf pyromancer!
The deep elf pyromancer is moderately wounded.
You block the deep elf pyromancer's attack.
You hit the deep elf pyromancer but do no damage.
The deep elf pyromancer is moderately wounded.
The deep elf pyromancer gestures at you while chanting.
The bolt of fire hits you!
You die...
Your body crumbles into a pile of gold.

#.#.#......# ####.###.#####
#.#...##.### #..........
#.##.###.# ###.##.#### #.##.#
#.# #.##.# #.##.# #.#
##########.##.# #.##.# #.#
#....(........# #.##.# #.#
#.#########.#.# #.##.# #.#
#.#...........#
#.##.###.####@#.#######.#.#
#.##...<....#e#.#######.#.####
#.######.##.#o#.#.............
#.#####...#.#o#.#.#.###.######
#>..............#.#.# #.#
#######.....♣(#...#.# #.#
##.#..♣(..###.###.#
#................#
##################


You could see a deep elf pyromancer, an orc wizard and an orc.

Vanquished Creatures
  A two-headed ogre (D:7)
  3 torpor snails (D:3)
  Sigmund (D:2)
  Menkaure (D:5)
  2 water moccasins
  2 sky beasts (D:7)
  An ice beast (D:5)
  6 ogres
  3 black bears
  2 centaurs
  4 phantoms
  A kobold brigand (D:7)
  3 bullfrogs (D:7)
  A scorpion (D:7)
  A necrophage (D:6)
  3 howler monkeys
  A hound (D:4)
  2 jellies
  2 orc priests (D:6)
  A gnoll bouda (D:6)
  3 iguanas
  Ijyb (D:5)
  Natasha (twice) (D:3)
  6 orc wizards
  A killer bee zombie (D:7)
  A howler monkey zombie (D:7)
  6 gnolls (D:6)
  9 adders
  A shadow imp (D:7)
  5 white imps
  2 ufetubi (D:4)
  4 worms
  35 orcs
  11 endoplasms
  7 giant cockroaches
  7 goblins
  7 hobgoblins
  7 jackals
  6 quokkas
  7 ball pythons
  4 bats
  4 frilled lizards
  10 kobolds
  7 rats
194 creatures vanquished.

Vanquished Creatures (collateral kills)
  A gnoll (D:6)
1 creature vanquished.

Vanquished Creatures (others)
  A gnoll (D:6)
  A demonic plant (D:2)
  3 fungi (D:2)
  10 plants
15 creatures vanquished.

Grand Total: 210 creatures vanquished

Notes
Turn   | Place    | Note
-------+----------+-------------------------------------------
     0 | D:1      | GorkyZ the Formicid Fighter began the quest for the Orb.
     0 | D:1      | Reached XP level 1. HP: 18/18 MP: 1/1
    81 | D:1      | Reached XP level 2. HP: 21/24 MP: 2/2
   354 | D:1      | Reached XP level 3. HP: 29/29 MP: 3/3
   377 | D:1      | Reached skill level 1 in Evocations
   834 | D:1      | Reached skill level 1 in Throwing
  1117 | D:2      | Reached skill level 1 in Dodging
  1228 | D:2      | Reached XP level 4. HP: 13/35 MP: 4/4
  1475 | D:2      | Found a faded altar of an unknown god.
  1512 | D:2      | Noticed Sigmund
  1552 | D:2      | Killed Sigmund
  1553 | D:2      | Reached XP level 5. HP: 35/42 MP: 5/5
  1553 | D:2      | Reached XP level 6. HP: 40/48 MP: 6/6
  1687 | D:2      | Identified the +4 kite shield "Viucopn" {rElec Stlth+}
  2077 | D:3      | Found a snail-covered altar of Cheibriados.
  2077 | D:3      | Noticed a torpor snail
  2079 | D:3      | Noticed a torpor snail
  2079 | D:3      | Noticed a torpor snail
  2212 | D:3      | Killed a torpor snail
  2213 | D:3      | Reached skill level 5 in Shields
  2213 | D:3      | Reached XP level 7. HP: 51/54 MP: 7/7
  2237 | D:3      | Killed a torpor snail
  2238 | D:3      | Reached XP level 8. HP: 59/61 MP: 8/8
  2296 | D:3      | Killed a torpor snail
  2336 | D:3      | Found a glowing golden altar of the Shining One.
  2405 | D:3      | Noticed Natasha
  2418 | D:3      | Killed Natasha
  2564 | D:3      | You fall into a shaft and drop 2 floors!
  2564 | D:5      | Entered Level 5 of the Dungeon
  2853 | D:4      | Reached XP level 9. HP: 67/67 MP: 9/9
  3099 | D:3      | Noticed Natasha
  3107 | D:3      | Killed Natasha
  3108 | D:3      | Reached skill level 5 in Evocations
  3340 | D:4      | Reached skill level 5 in Fighting
  3451 | D:4      | Reached skill level 5 in Armour
  3618 | D:4      | Reached skill level 5 in Throwing
  3673 | D:4      | Found a sparkling altar of Nemelex Xobeh.
  3675 | D:4      | Found an iron altar of Okawaru.
  3675 | D:4      | Found a shimmering altar of Xom.
  3677 | D:4      | Found a burning altar of Makhleb.
  3677 | D:4      | Found a shadowy altar of Dithmenos.
  3677 | D:4      | Found an ornate altar of the Wu Jian Council.
  4345 | D:5      | Noticed Ijyb
  4370 | D:5      | Killed Ijyb
  4559 | D:5      | Found a hide-covered altar of Uskayaw.
  5381 | D:5      | Reached skill level 5 in Dodging
  5514 | D:5      | Noticed Menkaure
  5541 | D:5      | Killed Menkaure
  5542 | D:5      | Reached XP level 10. HP: 10/74 MP: 10/10
  6221 | D:6      | Found a staircase to the Ecumenical Temple.
  6230 | Temple   | Entered the Ecumenical Temple
  6243 | Temple   | Became a worshipper of Gozag Ym Sagoz the Greedy
  6609 | D:6      | Found a broken altar of Ashenzari.
  6790 | D:7      | Noticed a deep elf pyromancer
  6793 | D:7      | Noticed a two-headed ogre
  6938 | D:7      | Reached skill level 5 in Polearms
  7095 | D:7      | Killed a two-headed ogre
  7420 | D:7      | Found a stormy altar of Qazlal.
  7768 | D:7      | Found a basalt altar of Yredelemnul.
  8115 | D:7      | Killed from afar by a deep elf pyromancer

Illustrated notes

Levels and vault maps discovered:
D:1:      dpeg_arrival_arbitrary_a, layout_basic, glass_columns_c
D:2:      layout_basic, shapermc_ecumenical_altar_gd, kennysheep_generic_room_3,
          uniq_sigmund
D:3:      layout_basic, tso_metal_star, cheibriados_altar_2,
          minmay_misc_feat_tiny, kennysheep_generic_room_7, uniq_natasha
D:4:      layout_loops_cross, doesnt_xom_only_xom, minmay_pentangle
D:5:      layout_basic, lemuel_tele_altar, serial_bayou_crossing, uniq_ijyb,
          uniq_menkaure
D:6:      layout_loops_ring, marbit_many_paths, minmay_temple_entry_poolview,
          hangedman_decor_peaks_small, minmay_misc_feat_pillars,
          chequers_serial_rivers_micro_b,
          nicolae_concentric_dashed_squares_wild, hangedman_decor_diamond_cutter
D:7:      layout_loops_ring, nicolae_overflow_hidden_temple,
          lemuel_zombie_altar_yredelemnul, chequers_mini_garden
D:8:      layout_gridville, mainiacjoe_overflow_brackets, serial_shops,
          nicolae_diamond_shop
Temple:   nicolae_temple_ecumenical_triangle

Skill      XL: |  1  2  3  4  5  6  7  8  9 10 |
---------------+-------------------------------+-----
Evocations     | 1 2 3 4 6 7 |  7.3
Throwing       | 1 2 3 4 5 6 |  6.7
Dodging        | 1 2 3 4 5 |  5.9
Fighting       | 4 5 6 |  6.2
Polearms       | 3 4 5 |  5.3
Armour         | 4 5 6 |  6.0
Shields        | 5 6 7 |  7.4

Action                   |  1- 3 |  4- 6 |  7- 9 | 10-12 || total
-------------------------+-------+-------+-------+-------++-------
Melee: Trident           |   102 |       |       |       ||   102
       Dagger            |    11 |   196 |   641 |   173 ||  1021
       Halberd           |       |       |       |   119 ||   119
Throw: Dart              |       |       |     7 |    17 ||    24
 Abil: Dig               |       |     1 |     2 |     1 ||     4
Evoke: Wand              |       |       |       |     2 ||     2
  Use: Scroll            |       |       |       |    11 ||    11
 Stab: Sleeping          |       |       |     1 |       ||     1
Armor: Scale mail        |    37 |    44 |    64 |       ||   145
       Chain mail        |       |       |    97 |    71 ||   168
Dodge: Dodged            |    46 |    52 |   264 |   105 ||   467
Block: Buckler           |    23 |     8 |       |       ||    31
       Kite shield       |       |    69 |   468 |   228 ||   765
